 Dungeon Crawl Stone Soup version 0.22-a0-542-gce4f928 (webtiles) character file.

48 inc the Vexing (level 3, -2/14 HPs)
             Began as a Felid Enchanter on June 24, 2018.
             Slain by a black bear (3 damage)
             ... on level 2 of the Dungeon.
             The game lasted 00:02:01 (2118 turns).

inc the Vexing (Felid Enchanter)                    Turns: 2118, Time: 00:02:01

Health: -2/14      AC:  1    Str:  4    XL:     3   Next: 50%
Magic:  3/7        EV: 18    Int: 17    God:
Gold:   70         SH:  0    Dex: 16    Spells: 3/6 levels left
                                        Lives:  0   Deaths: 0

rFire    . . .     SeeInvis +     - Unarmed
rCold    . . .     Gourm    .   (shield unavailable)
rNeg     . . .     Faith    .   (armour unavailable)
rPois    .         Spirit   .   (helmet unavailable)
rElec    .         Reflect  .   (cloak unavailable)
rCorr    .         Harm     .   (gloves unavailable)
MR       .....                  (boots unavailable)
Stlth    +++.......             (no amulet)
HPRegen  0.04/turn              (no ring)
MPRegen  0.10/turn              (no ring)

@: very slightly contaminated, quick
A: very small, no armour, no weapons or thrown items, stealth, claws 1, fangs 3,
see invisible, carnivore, speed 1, shaggy fur 1, slow metabolism 1, sharp paws
a: no special abilities


You were on level 2 of the Dungeon.
You were hungry.

You visited 1 branch of the dungeon, and saw 2 of its levels.

You collected 70 gold pieces.

Inventory:

Scrolls
 c - 3 scrolls of remove curse {unknown}
 f - a scroll of random uselessness {unknown}
 g - 3 scrolls of identify {unknown}
Potions
 a - a potion of ambrosia {unknown}
 d - a potion of flight {unknown}
 e - a potion of curing {unknown}
Comestibles
 b - 5 rations


   Skills:
 - Level 2.6 Dodging
 - Level 4.0 Stealth
 + Level 3.4 Unarmed Combat
 - Level 2.0 Spellcasting
 - Level 4.4 Hexes


You had 3 spell levels left.
You knew the following spells:

 Your Spells              Type           Power        Failure   Level  Hunger
a - Corona                Hex            ###....      3%          1    #......
b - Ensorcelled Hibernat  Hex/Ice        #.....       12%         2    ###....

Your spell library contained the following spells:

 Spells                   Type           Power        Failure   Level  Hunger
 Confuse                  Hex            ###.....     10%         3    ###....
 Tukima's Dance           Hex            ###.....     10%         3    ###....
 Dazzling Spray           Conj/Hex       #.....       24%         3    ###....


Dungeon Overview and Level Annotations

Branches:
Dungeon (2/15)

Altars:
Trog


Innate Abilities, Weirdness & Mutations

You cannot wear armour.
You are incapable of wielding weapons or throwing items.
Your paws allow you to move quietly. (Stealth)
You have sharp claws.
You have razor-sharp teeth.
You have supernaturally acute eyesight. (SInv)
You are carnivorous and can eat meat at any time.
You cover ground quickly.
You are covered in fur. (AC +1)
You have a slow metabolism.
Your sharp claws are effective at attacking unaware monsters.


Message History

Aim: a black bear (chance to defeat MR: 40%)
The black bear looks drowsy...
You pounce on the unaware helpless black bear!
You mangle the black bear!!
The black bear is severely wounded.
The black bear completely misses you. The black bear barely misses you.
The black bear claws you.
You scratch the black bear.
The black bear is almost dead.
The black bear goes berserk!
You scratch the black bear.
The black bear is almost dead.
The black bear completely misses you. x2; The black bear barely misses you.
The black bear closely misses you. The black bear claws you. x2
* * * LOW HITPOINT WARNING * * *
You scratch the black bear but do no damage.
The black bear is almost dead.
You are feeling hungry.
The black bear completely misses you. The black bear claws you.
You die...

#........# #.######.#
#.######.#
###......#.#
#...####.#.# ###
#...# #....# #..
#...# #....#####..
####...###...........
#..'@............#...
#.##h..##....###.#.##
#.#.....#.#####......
#.#.....#.##.....#.##
#.#.#..)#.##.##..#...
#.#†....#.##.##..####
#.###..##.##.##>.....
#.#..<.....#.###'####
#.##########........#


You could see a black bear (berserk).

Vanquished Creatures
  2 adders (D:2)
  A dart slug (D:1)
  6 bats (D:2)
  A goblin (D:1)
  3 hobgoblins
  8 kobolds
  2 frilled lizards
  6 rats
29 creatures vanquished.

Notes
Turn   | Place    | Note
-------+----------+-------------------------------------------
     0 | D:1      | inc the Felid Enchanter began the quest for the Orb.
     0 | D:1      | Reached XP level 1. HP: 7/7 MP: 4/4
   554 | D:1      | Reached XP level 2. HP: 11/11 MP: 6/6
  1470 | D:2      | Noticed a moth of wrath
  1472 | D:2      | Found a bloodstained altar of Trog.
  1619 | D:2      | Reached XP level 3. HP: 14/14 MP: 7/7
  1999 | D:2      | Noticed a black bear
  2021 | D:2      | Learned a level 2 spell: Ensorcelled Hibernation
  2118 | D:2      | Slain by a black bear

Vault maps used:
D:1:      dpeg_arrival_circle_labyrinth_c
D:2:      tgw_trog, chequers_ecumenical_altar_simple_redux, kennysheep_donut

Skill      XL: |  1  2 |
---------------+-------+-----
Unarmed Combat | 2 3 |  3.4
Dodging        | |  2.6
Stealth        | |  4.0
Spellcasting   | |  2.0
Hexes          | |  4.4

Action                   || total
-------------------------++-------
Melee: Unarmed           ||    99
       Bite              ||     6
 Cast: Ensorcelled Hiber ||     3
 Stab: Sleeping          ||    13
  Eat: Chunk             ||     1
Armor: Skin              ||     8
Dodge: Dodged            ||    72

Table legend:
 A = Spawn XP
 B = Non-spawn XP
 C = Spawn XP percentage of total XP
 D = Spawn monster count
 E = Non-spawn monster count
 F = Spawn count percentage of total count
 G = Total turns spent on level
                    A         B        C        D         E        F      G
               +---------+---------+-------+---------+---------+-------+---------
         Total |       0 |      69 |   0.0 |       0 |      29 |   0.0 |  2118
               +---------+---------+-------+---------+---------+-------+---------
           D:1 |       0 |      24 |   0.0 |       0 |      14 |   0.0 |  1415
           D:2 |       0 |      45 |   0.0 |       0 |      15 |   0.0 |   703
               +---------+---------+-------+---------+---------+-------+---------
